 Dungeon Crawl Stone Soup version 0.30-a0-585-g93115170b9 (webtiles) character file.

Game seed: 5010469335921026141

47366 bmack86 the Severer (level 14, 0/126 HPs)
             Began as a Minotaur Fighter on Jan 2, 2023.
             Was a High Priest of Okawaru.
             Slain by a catoblepas (2 damage)
             ... while petrified by a catoblepas
             ... on level 5 of the Lair of Beasts.
             The game lasted 00:49:35 (15345 turns).

bmack86 the Severer (Minotaur Fighter)             Turns: 15345, Time: 00:49:36

Health: 0/126      AC: 30    Str: 35    XL:     14   Next: 8%
Magic:  28/28      EV:  2    Int:  9    God:    Okawaru [*****.]
Gold:   589        SH:  0    Dex: 12    Spells: 13/13 levels left

rFire   + + +      SeeInvis +    b - +4 broad axe of Existentialism {flame, *Rage rF+++ Str+3 SInv}
rCold   . . .      Faith    .    J - +2 kite shield {AC+3}
rNeg    + + +      Spirit   .    p - +4 shadow dragon scales
rPois   ∞          Reflect  .    R - +1 hat "Yneab" {rF+ MP+9}
rElec   .          Harm     .    D - +0 cloak
rCorr   .          Rampage  .    M - +2 pair of gloves
Will    +....      Rage     20%  (no boots)
Stlth   ++                       j - amulet of regeneration
HPRegen 1.21/turn                e - +4 ring of slaying
MPRegen 0.21/turn                I - ring "Raeres" {rF+ Str+6 Int+4 Dex+2 Slay+2}

@: petrified
A: horns 2, retaliatory headbutt
a: Renounce Religion, Heroism, Finesse, Duel


You were on level 5 of the Lair of Beasts.
You worshipped Okawaru.
Okawaru was extremely pleased with you.
You visited 3 branches of the dungeon, and saw 18 of its levels.
You also visited: Gauntlet.

You collected 963 gold pieces.
You spent 374 gold pieces at shops.

Inventory:

Hand Weapons
 b - the +4 broad axe of Existentialism (weapon) {flame, *Rage rF+++ Str+3 SInv}
   (Okawaru gifted it to you on level 12 of the Dungeon)

   It burns those it strikes, dealing additional fire damage.
   Big, fiery blades are also staple armaments of hydra-hunters.
   Str:       It affects your strength (+3).
   rF:        It renders you almost immune to fire.
   SInv:      It lets you see invisible.
   *Rage:     It berserks you when you make melee attacks (+20% chance).
 S - a +5 broad axe of freezing
Missiles
 m - 9 atropa-tipped darts
 q - 29 poisoned darts
 C - 8 boomerangs (quivered)
 G - 4 curare-tipped darts
Armour
 i - a scarf of repulsion
 p - +4 shadow dragon scales (worn)
 D - a +0 cloak (worn)
 J - a +2 kite shield of protection (worn)
 M - a +2 pair of gloves (worn)
 R - the +1 hat "Yneab" (worn) {rF+ MP+9}
   (Okawaru gifted it to you on level 1 of the Lair of Beasts)

   rF:        It protects you from fire.
   MP:        It affects your magic capacity (+9).
Jewellery
 e - a +4 ring of slaying (left hand)
 j - an amulet of regeneration (around neck)
 o - a +6 ring of strength
 F - a +5 ring of evasion
 I - the ring "Raeres" (right hand) {rF+ Str+6 Int+4 Dex+2 Slay+2}
   (You found it in a Gauntlet)

   [ring of strength]

   Str:       It affects your strength (+6).
   Int:       It affects your intelligence (+4).
   Dex:       It affects your dexterity (+2).
   Slay:      It affects your accuracy & damage with ranged weapons and melee
   (+2).
   rF:        It protects you from fire.
 N - a +6 ring of intelligence
 T - a ring of poison resistance
 W - a +6 ring of strength
Wands
 f - a wand of polymorph (14)
 w - a wand of paralysis (19)
 y - a wand of digging (3)
 K - a wand of flame (12)
 O - a wand of roots (10)
 U - a wand of acid (1)
Scrolls
 r - 3 scrolls of fog
 u - 8 scrolls of teleportation
 L - a scroll of fear
 P - 3 scrolls of blinking
Potions
 d - 5 potions of might
 g - 13 potions of curing
 h - 5 potions of brilliance
 k - a potion of berserk rage
 l - 2 potions of magic
 n - 2 potions of resistance
 s - a potion of cancellation
 v - 4 potions of attraction
 x - 4 potions of heal wounds
 A - 5 potions of mutation
 B - 6 potions of lignification
 H - a potion of invisibility {unknown}
 Q - a potion of flight
 V - a potion of ambrosia {unknown}


   Skills:
 + Level 12.2 Fighting
 * Level 16.3 Axes
 + Level 9.5 Throwing
 + Level 12.2 Armour
 + Level 12.2 Shields
 + Level 8.1 Invocations


You had 13 spell levels left.
You didn't know any spells.
Your spell library contained the following spells:

 Spells                   Type           Power      Damage    Failure   Level
 Apportation              Tloc           0%         N/A       94%         1
 Blink                    Tloc           0%         N/A       98%         2
 Cigotuvi's Dreadful Rot  Necr/Pois/Air  0%         N/A       98%         2
 Ensorcelled Hibernation  Hex/Ice        0%         N/A       98%         2
 Passwall                 Tmut/Erth      0%         N/A       98%         2
 Poisonous Vapours        Pois/Air       0%         N/A       98%         2
 Frozen Ramparts          Ice            0%         1d1       100%        3
 Gell's Gravitas          Tloc           0%         N/A       100%        3
 Lesser Beckoning         Tloc           0%         N/A       100%        3
 Mephitic Cloud           Conj/Pois/Air  0%         N/A       100%        3
 Portal Projectile        Hex/Tloc       0%         N/A       100%        3
 Swiftness                Air            0%         N/A       100%        3
 Ice Form                 Ice/Tmut       0%         N/A       100%        4
 Leda's Liquefaction      Hex/Erth       0%         N/A       100%        4
 Alistair's Intoxication  Tmut/Pois      0%         N/A       100%        5
 Call Canine Familiar     Summ           Unusable   N/A       N/A         3
 Summon Ice Beast         Ice/Summ       Unusable   N/A       N/A         4

Dungeon Overview and Level Annotations

Branches:
Dungeon (12/15)            Temple (1/1) D:7            Lair (5/5) D:11
  Swamp (0/4) Lair:2       Spider (0/4) Lair:2        Slime (0/5) Lair:4
    Orc (0/2) D:9         Gauntlet (visited)

Altars:
Ashenzari
Cheibriados
Dithmenos
Elyvilon
Fedhas
Gozag
Hepliaklqana
Kikubaaqudgha
Makhleb
Nemelex Xobeh
Okawaru
Qazlal
Ru
Sif Muna
Trog
Uskayaw
Vehumet
Wu Jian
Xom
Yredelemnul
Zin
The Shining One

Shops:
D:3 *!(   D:5 [   D:8 (   D:11 =   D:12 ![[:


Innate Abilities, Weirdness & Mutations

You have a pair of horns on your head.
You reflexively headbutt those who attack you in melee.


Message History

The five-headed hydra bites you but does no damage. x3
The five-headed hydra bites you!
The five-headed hydra bites you but does no damage.
The blink frog blinks!
The death yak gores you!
* * * LOW HITPOINT WARNING * * *
The death yak is engulfed in calcifying dust.
The death yak gores you but does no damage.
The catoblepas gores you but does no damage.
The death yak gores you!
* * * LOW HITPOINT WARNING * * *
The death yak is no longer petrified.
The five-headed hydra bites you!
* * * LOW HITPOINT WARNING * * *
The five-headed hydra bites you but does no damage. x2
The five-headed hydra bites you!
* * * LOW HITPOINT WARNING * * *
The five-headed hydra bites you but does no damage.
The blink frog is engulfed in calcifying dust.
The blink frog is moving more slowly.
The blink frog hits you but does no damage.
The death yak gores you but does no damage.
The catoblepas gores you!
* * * LOW HITPOINT WARNING * * *
The death yak is engulfed in calcifying dust.
The death yak is moving more slowly.
The death yak gores you!
* * * LOW HITPOINT WARNING * * *
The death yak gores you but does no damage.
The death yak gores you!
* * * LOW HITPOINT WARNING * * *
The blink frog blinks!
The blink frog is engulfed in calcifying dust.
The blink frog stops moving altogether!
The five-headed hydra bites you.
* * * LOW HITPOINT WARNING * * *
The five-headed hydra bites you but does no damage. x2
The five-headed hydra bites you!
* * * LOW HITPOINT WARNING * * *
The five-headed hydra bites you but does no damage.
The blink frog blinks!
The death yak gores you but does no damage.
The catoblepas gores you.
You die...

#.... ≈≈ ..P.
≈~. ##...♣♣≈...
##...♣≈~....
#....≈......
#..§.≈......
###.FY~§....? P
#..Y@Yl..§..)
....##YYD≈~.....
#..###..F≈≈♣....
#..P#......♣≈...
?..........≈♣~~♣
#.....F†....≈♣♣♣
.............~~.
...##.##.##.....
#.. ##...# .....


You could see 4 death yaks, a catoblepas, a five-headed hydra, a basilisk and 3
blink frogs.

Vanquished Creatures
  A minotaur (Gauntlet)
  Snorg (D:11)
  2 hydras
  3 catoblepae
  2 boulder beetles
  The ghost of wormed the Marksspriggan, a journeyman SpHu of Okawaru (Lair:4)
  A centaur warrior (D:12)
  3 death yaks (Lair:4)
  2 two-headed ogres (D:12)
  The ghost of Newt the Firebug, a novice DsGl of Vehumet (D:8)
  Amaemon (D:9)
  The ghost of purpskrrrp the Changer, a novice OpTm of Ru (D:7)
  An orange crystal statue (Gauntlet)
  Pikel (D:9)
  2 ugly things
  2 cyclopes (D:12)
  An oklob plant (Lair:3)
  3 black mambas
  2 torpor snails
  A gargoyle (D:12)
  A kobold demonologist (D:12)
  10 cane toads
  An orange demon (D:9)
  An unseen horror zombie (D:8)
  A rime drake (Lair:5)
  An unseen horror (D:12)
  7 komodo dragons
  2 polar bears
  2 trolls
  3 hornets
  2 tyrant leeches (Lair:2)
  A raiju (Gauntlet)
  10 blink frogs
  4 dream sheep (Lair:4)
  3 centaur simulacra (Gauntlet)
  A shadow (D:9)
  A vampire (D:12)
  4 wyverns
  70 yaks
  4 basilisks
  3 steam dragons
  Menkaure (D:5)
  4 vampire mosquitoes (D:12)
  2 acid dragons
  3 swamp worms (Lair:2)
  Duvessa (D:5)
  17 water moccasins
  3 orc warriors
  2 ice beasts
  11 wolves
  An ogre (D:4)
  4 centaurs
  4 lemures (D:9)
  4 phantoms
  6 bullfrogs
  2 gnoll sergeants
  2 kobold brigands (D:12)
  A necrophage (D:4)
  7 scorpions
  9 wights (D:8)
  A hornet simulacrum (Gauntlet)
  Dowan (D:5)
  5 killer bees (D:10)
  An electric eel (Lair:3)
  3 howler monkeys
  A centaur zombie (D:8)
  2 jellies
  11 orc priests
  3 hounds
  A gnoll bouda (D:5)
  3 iguanas
  12 orc wizards
  A boggart simulacrum (Gauntlet)
  Robin (D:3)
  21 gnolls
  5 adders
  2 shadow imps (D:7)
  A white imp (D:6)
  2 ufetubi (D:4)
  6 worms
  5 dart slugs
  67 orcs
  8 endoplasms
  4 giant cockroaches
  14 goblins
  7 hobgoblins
  6 jackals
  21 kobolds
  5 quokkas
  4 ball pythons
  9 bats
  5 frilled lizards
  7 rats
  A spectral kobold (D:2)
  4 bushes
498 creatures vanquished.

Vanquished Creatures (others)
  2 bushes (Lair:5)
  A demonic plant (Gauntlet)
  7 fungi
  43 plants
  4 withered plants (Gauntlet)
57 creatures vanquished.

Grand Total: 555 creatures vanquished

Notes
Turn   | Place    | Note
-------+----------+-------------------------------------------
     0 | D:1      | bmack86 the Minotaur Fighter began the quest for the Orb.
     0 | D:1      | Reached XP level 1. HP: 19/19 MP: 0/0
   180 | D:1      | Reached XP level 2. HP: 27/27 MP: 1/1
   237 | D:1      | Reached skill level 3 in Axes
   442 | D:1      | Reached XP level 3. HP: 32/33 MP: 2/2
  1032 | D:2      | Found a faded altar of an unknown god.
  1566 | D:2      | Reached XP level 4. HP: 40/40 MP: 3/3
  1817 | D:3      | Reached skill level 4 in Axes
  1817 | D:3      | Noticed Robin
  1830 | D:3      | Killed Robin
  1934 | D:3      | Reached XP level 5. HP: 33/47 MP: 4/4
  2012 | D:3      | Found Wanomm's General Store.
  2023 | D:3      | Bought 4 atropa-tipped darts for 28 gold pieces
  2499 | D:3      | Found Oqiom Gacri's Antique Weapon Boutique.
  2507 | D:3      | Found Beedem's Distillery.
  2888 | D:4      | Noticed an ogre
  2895 | D:4      | Killed an ogre
  2896 | D:4      | Reached skill level 5 in Axes
  2919 | D:4      | Found an ancient bone altar of Kikubaaqudgha.
  2944 | D:4      | Reached XP level 6. HP: 55/55 MP: 5/5
  3021 | D:4      | Reached skill level 1 in Throwing
  3021 | D:4      | Reached skill level 5 in Shields
  3036 | D:4      | Found a stormy altar of Qazlal.
  3039 | D:4      | Found a broken altar of Ashenzari.
  3049 | D:4      | Reached skill level 5 in Fighting
  3090 | D:4      | Reached skill level 5 in Armour
  3651 | D:5      | Entered Level 5 of the Dungeon
  3651 | D:5      | Noticed Duvessa
  3651 | D:5      | Noticed Dowan
  3655 | D:5      | Reached XP level 7. HP: 61/61 MP: 6/6
  3661 | D:5      | Killed Duvessa
  3662 | D:5      | Reached skill level 6 in Axes
  3664 | D:5      | Killed Dowan
  3765 | D:5      | Found Garshasp's Dragon-Slaying Spoils.
  3978 | D:5      | Found a shimmering blue altar of Sif Muna.
  4008 | D:5      | Reached skill level 7 in Axes
  4008 | D:5      | Reached XP level 8. HP: 70/70 MP: 7/7
  4056 | D:5      | Noticed Menkaure
  4064 | D:5      | Killed Menkaure
  4515 | D:5      | Reached skill level 8 in Axes
  5085 | D:6      | Reached XP level 9. HP: 78/78 MP: 8/8
  5648 | D:7      | Found a staircase to the Ecumenical Temple.
  5658 | Temple   | Entered the Ecumenical Temple
  5902 | D:7      | Found an iron altar of Okawaru.
  5906 | D:7      | Found a runed translucent door.
  5909 | D:7      | Noticed purpskrrrp's ghost (novice OpTm)
  5911 | D:7      | Became a worshipper of Warmaster Okawaru
  5923 | D:7      | Killed purpskrrrp's ghost
  5923 | D:7      | Reached * piety under Okawaru
  5924 | D:7      | Reached skill level 9 in Axes
  6112 | D:7      | Paralysed by a hornet for 2 turns
  6239 | D:7      | Reached skill level 1 in Invocations
  6634 | D:8      | Reached skill level 5 in Throwing
  6640 | D:8      | Found a glowing silver altar of Zin.
  6700 | D:8      | Reached skill level 10 in Axes
  6702 | D:8      | Reached ** piety under Okawaru
  6706 | D:8      | Found Diramiat's Antique Weapon Shoppe.
  6803 | D:8      | Found a runed translucent gate.
  6803 | D:8      | Found a runed translucent gate.
  6803 | D:8      | Found a runed translucent gate.
  6803 | D:8      | Noticed Newt's ghost (novice DsGl)
  6805 | D:8      | Found a basalt altar of Yredelemnul.
  6813 | D:8      | Reached XP level 10. HP: 88/88 MP: 10/10
  6834 | D:8      | Killed Newt's ghost
  6869 | D:8      | Noticed a green ugly thing
  6886 | D:8      | Killed a green ugly thing
  6886 | D:8      | Reached *** piety under Okawaru
  7106 | D:8      | Reached skill level 11 in Axes
  7485 | D:9      | Noticed Pikel
  7498 | D:9      | Killed Pikel
  7572 | D:9      | Found a staircase to the Orcish Mines.
  7624 | D:9      | Reached **** piety under Okawaru
  7867 | D:9      | Noticed Amaemon
  7871 | D:9      | Noticed an orange demon
  7880 | D:9      | Killed Amaemon
  7883 | D:9      | Killed an orange demon
  8096 | D:9      | Reached XP level 11. HP: 97/97 MP: 12/12
  8274 | D:10     | Entered Level 10 of the Dungeon
  8817 | D:10     | Reached skill level 12 in Axes
  8858 | D:11     | Received a gift from Okawaru
  8935 | D:11     | Noticed Snorg
  8952 | D:11     | Killed Snorg
  9097 | D:11     | Found a staircase to the Lair.
  9106 | D:11     | Found Omuamiuh's Jewellery Shoppe.
  9130 | D:11     | Reached ***** piety under Okawaru
  9284 | D:12     | Found Cinteawkul's Armour Boutique.
  9503 | D:11     | Noticed a boulder beetle
  9518 | D:11     | Killed a boulder beetle
  9518 | D:11     | Received a gift from Okawaru
  9979 | D:12     | Reached skill level 5 in Invocations
 10023 | D:12     | Bought a +2 pair of gloves for 214 gold pieces
 10065 | D:12     | Noticed a two-headed ogre
 10077 | D:12     | Killed a two-headed ogre
 10078 | D:12     | Reached skill level 13 in Axes
 10082 | D:12     | Reached skill level 10 in Fighting
 10108 | D:12     | Noticed a two-headed ogre
 10110 | D:12     | Identified the +4 broad axe of Existentialism {flame, *Rage
                  | rF+++ Str+3 SInv} (Okawaru gifted it to you on level 12 of
                  | the Dungeon)
 10110 | D:12     | Received a gift from Okawaru
 10111 | D:12     | Reached skill level 10 in Shields
 10116 | D:12     | Killed a two-headed ogre
 10117 | D:12     | Reached skill level 10 in Armour
 10117 | D:12     | Reached XP level 12. HP: 90/106 MP: 12/15
 10226 | D:12     | Found Hussef's Book Boutique.
 10329 | D:12     | Found a shimmering altar of Xom.
 10534 | D:12     | Found Fevead's Armour Shop.
 10540 | D:12     | Bought a scarf of repulsion for 132 gold pieces
 10589 | D:12     | Found Fukkej's Distillery.
 10608 | D:12     | Noticed a centaur warrior
 10625 | D:12     | Killed a centaur warrior
 10808 | Lair:1   | Entered Level 1 of the Lair of Beasts
 11088 | Lair:1   | Noticed a boulder beetle
 11103 | Lair:1   | Killed a boulder beetle
 11411 | Lair:1   | Identified the +1 hat "Yneab" {rF+ MP+9} (Okawaru gifted it
                  | to you on level 1 of the Lair of Beasts)
 11411 | Lair:1   | Received a gift from Okawaru
 11414 | Lair:1   | Reached skill level 14 in Axes
 12060 | Lair:2   | Found a hole to the Spider Nest.
 12491 | Lair:2   | Found a staircase to the Swamp.
 12566 | Lair:3   | Noticed a seven-headed hydra
 12586 | Lair:3   | Killed a four-headed hydra
 12587 | Lair:3   | Reached XP level 13. HP: 24/116 MP: 17/17
 12884 | Lair:3   | Reached skill level 15 in Axes
 12938 | Lair:3   | Received a gift from Okawaru
 13211 | Lair:3   | Identified the +4 ring mail "Bemetoih" {Will+ Int+3 Dex+3}
 13620 | Lair:4   | Found a gate leading to a gauntlet.
 13639 | Gauntlet | Entered a Gauntlet
 13639 | Gauntlet | Found a transporter.
 13639 | Gauntlet | Found a transporter.
 13639 | Gauntlet | Found a runed translucent gate.
 13646 | Gauntlet | Found a transporter.
 13665 | Gauntlet | Found a transporter.
 13672 | Gauntlet | Found a runed translucent door.
 13681 | Gauntlet | Found a transporter.
 13681 | Gauntlet | Found a transporter.
 13683 | Gauntlet | Found a transporter.
 13686 | Gauntlet | Found a transporter.
 13686 | Gauntlet | Found a transporter.
 13690 | Gauntlet | Found a runed translucent door.
 13690 | Gauntlet | Noticed a cacodemon
 13703 | Gauntlet | Found a transporter.
 13720 | Gauntlet | Found a transporter.
 13722 | Gauntlet | Found a runed translucent door.
 13730 | Gauntlet | Found a transporter.
 13747 | Gauntlet | Found a transporter.
 13772 | Gauntlet | Found a transporter.
 13774 | Gauntlet | Found a runed translucent gate.
 13774 | Gauntlet | Found a runed translucent gate.
 13967 | Gauntlet | Identified the ring "Raeres" {rF+ Str+6 Int+4 Dex+2 Slay+2}
 13993 | Gauntlet | Noticed a minotaur
 14002 | Gauntlet | Killed a minotaur
 14007 | Gauntlet | Identified the +3 robe of the Game of Life {rF+}
 14021 | Gauntlet | Got the Guidebook on Correspondence
 14270 | Lair:4   | Found a runed translucent door.
 14274 | Lair:4   | Noticed wormed's ghost (journeyman SpHu)
 14288 | Lair:4   | Killed wormed's ghost
 14390 | Lair:4   | Received a gift from Okawaru
 14541 | Lair:4   | Found a staircase to the Slime Pits.
 14917 | Lair:5   | Entered Level 5 of the Lair of Beasts
 14995 | Lair:5   | Received a gift from Okawaru
 15000 | Lair:5   | Reached skill level 16 in Axes
 15010 | Lair:5   | Received a gift from Okawaru
 15267 | Lair:5   | Reached XP level 14. HP: 126/126 MP: 19/19
 15345 | Lair:5   | HP: 2/126 [five-headed hydra (5)]
 15345 | Lair:5   | Slain by a catoblepas

Illustrated notes

Levels and vault maps discovered:
D:1:      minmay_arrival_loop, layout_loops_ring, ebering_dispersal_statue_hall,
          lexackson_kobold_supper
D:2:      layout_loops_cross, dreamdust_ecumenical_altar_drowned_temple,
          st_stairs_14, kennysheep_generic_room_9
D:3:      layout_loops_cross, serial_forest, infiniplex_forest_split,
          infiniplex_forest_end_2, infiniplex_forest_end_3,
          infiniplex_forest_lined_room_3, infiniplex_forest_straight_4,
          infiniplex_forest_zigzag_2, infiniplex_forest_corner_1,
          infiniplex_forest_end_3, infiniplex_forest_lined_room_3, serial_shops,
          shop, shop, shop, st_stairs_4, uniq_robin
D:4:      layout_loops_ring, mainiacjoe_overflow_catwalk,
          gammafunk_temple_overflow_pools
D:5:      layout_cave_pods, nicolae_sif_muna_little_library,
          nicolae_shop_dragon_depot, uniq_menkaure, uniq_duvessa
D:6:      layout_basic
D:7:      layout_cave_pods, overflow_temple_1_default,
          minmay_temple_entry_waves, hellmonk_ghost_happy_afterlife
D:8:      layout_loops_ring, nicolae_yredelemnul_ghost_church,
          lemuel_coloured_pillars_altar, serial_shops, shop
D:9:      layout_loops_ring, hiddenorc2_lemuel, minmay_misc_feat_rugged,
          uniq_amaemon, uniq_pikel
D:10:     layout_loops_cross
D:11:     layout_layer_cave, lair_entry_dummy, serial_shops,
          nicolae_take_the_stairs, uniq_snorg
D:12:     layout_roguey, serial_shops, nicolae_shop_stone, nicolae_shop_stone,
          shop, kennysheep_little_box, tgw_xom
Temple:   nicolae_temple_bog_church
Lair:1:   layout_regular_city
Lair:2:   layout_regular_city, minmay_swamp_entry_worms,
          nicolae_spider_entry_non_spiders, infiniplex_staircase_pool_2
Lair:3:   layout_concentric_octagons, columned_hall_lemuel, grunt_megastairs_3,
          lemuel_fruit_fields, lemuel_fruit_fields, infiniplex_staircase_pool
Lair:4:   layout_hall_layers, slime_entry_1, ebering_ghost_inner_flame,
          gauntlet_entry_generic, beast_lair_carwin_10, grunt_megastairs_4
Lair:5:   cheibrodos_lair_end_hotspot, layout_regular_city,
          nicolae_lair_grazing_beasts [nicolae_sub_lair_graze_edge,
          nicolae_sub_lair_graze_edge, nicolae_sub_lair_graze_edge,
          nicolae_sub_lair_graze_edge]

Skill      XL: |  1  2  3  4  5  6  7  8  9 10 11 12 13 |
---------------+----------------------------------------+-----
Axes           | 3 4 5 7 8 10 11 13 14 16 | 16.3
Shields        | 4 5 6 8 9 10 11 12 | 12.2
Armour         | 4 5 6 7 8 10 11 12 | 12.2
Fighting       | 4 5 6 8 9 10 11 12 | 12.2
Throwing       | 1 2 4 5 6 7 8 9 |  9.5
Invocations    | 2 3 5 6 8 |  8.1

Action                   |  1- 3 |  4- 6 |  7- 9 | 10-12 | 13-15 || total
-------------------------+-------+-------+-------+-------+-------++-------
Melee: War axe           |   189 |   104 |   176 |   229 |       ||   698
       Headbutt          |    37 |    19 |    35 |    65 |    38 ||   194
       Broad axe         |       |       |       |   144 |   180 ||   324
Throw: Dart              |       |     4 |       |     1 |       ||     5
       Boomerang         |       |       |       |     2 |    17 ||    19
Invok: Heroism           |       |       |       |     7 |     2 ||     9
       Finesse           |       |       |       |     2 |     2 ||     4
  Use: Scroll            |     5 |    10 |     5 |     9 |     6 ||    35
       Potion            |       |     1 |     1 |     1 |       ||     3
 Stab: Sleeping          |       |     2 |       |     2 |     1 ||     5
       Petrified         |       |       |       |       |     7 ||     7
Armor: Scale mail        |     7 |       |       |       |       ||     7
       Chain mail        |    41 |       |       |       |       ||    41
       Shadow dragon sca |       |    77 |   113 |   292 |   176 ||   658
Dodge: Dodged            |    37 |    32 |    66 |   172 |    77 ||   384
Block: Buckler           |    20 |    21 |    48 |   140 |    45 ||   274
       Kite shield       |       |       |       |       |    46 ||    46

Table legend: (Time is in decaauts)
 A = Elapsed time spent in this place.
 B = Non-inter-level travel time spent in this place.
 C = Inter-level travel time spent in this place.
 D = Time resting spent in this place.
 E = Time spent auto-exploring this place.
 F = Levels seen in this place.
 G = Mean time per level.
                   A        B        C        D        E       F      G
               +--------+--------+--------+--------+--------+-----+--------+
         Total |  15720 |  15213 |    507 |    261 |   9925 |  19 |  827.4 |
       Dungeon |  10736 |  10351 |    385 |    143 |   7422 |  12 |  894.7 |
        Temple |    216 |    200 |     16 |      0 |    150 |   1 |  216.0 |
          Lair |   4353 |   4248 |    105 |     63 |   2353 |   5 |  870.6 |
      Gauntlet |    414 |    414 |      0 |     54 |      0 |   1 |  414.0 |
               +--------+--------+--------+--------+--------+-----+--------+

Top non-repeatable levels by time:
    D:11: 1142 daAuts
     D:3: 1070 daAuts
     D:1: 1069 daAuts
     D:6: 1025 daAuts
  Lair:3: 986 daAuts
  Lair:4: 984 daAuts
  Lair:2: 967 daAuts
  Lair:1: 965 daAuts
     D:5: 933 daAuts
     D:9: 915 daAuts
    D:12: 832 daAuts
     D:2: 811 daAuts
     D:4: 807 daAuts
     D:8: 781 daAuts
     D:7: 778 daAuts
